AoeStats
← Javan

Arena

509259414Analyzed
2v2 RM · 6d ago on Sep 26, 2026· 57m 33s· 4 players
Game mode
Random Map
Map size
Medium (4 player)
Population
200
Speed
Normal
Resources
Standard
Victory
Conquest
Starting age
Dark Age
Ending age
Imperial Age
RankedLock teamsTeams togetherTeam positionsShared explorationLock speedFull tech treeHidden civsTurbo modeCheats
Victory
Defeat
🇦🇺 Saxons · Australia
840
+20
🇺🇸 Teutons · United States
784
+60
🇺🇸 Ethiopians · United States
997
-24
🇺🇸 Cumans · United States
837
-18
Mclovin
9:42 Feudal Age
12:22 Loom
15:20 Castle Age
14:48 Horse Collar
14:54 Double-Bit Axe
28:39 Forging
28:31 Scale Mail Armor
28:43 Gold Mining
32:40 Imperial Age
31:10 Wheelbarrow
30:20 Loom
32:05 Iron Casting
31:17 Arson
31:33 Squires
31:53 Chain Mail Armor
32:28 Bow Saw
32:21 Heavy Plow
32:10 Town Watch
33:34 Hand Cart
33:46 Conscription
32:48 Elite Hearth Troop
34:33 Gold Shaft Mining
34:33 Shield Wall
36:04 Plate Mail Armor
36:16 Ballistics
36:18 Capped Ram
37:21 Siege Engineers
37:15 Siege Ram
39:46 Two-Man Saw
40:28 Chemistry
52:52 Fletching
57:49 Scale Barding Armor
57:13 Light Cavalry
58:03 Bloodlines
57:55 Husbandry
Javan
11:31 Feudal Age
13:03 Wheelbarrow
13:13 Double-Bit Axe
13:11 Horse Collar
15:48 Gold Mining
15:51 Stone Mining
22:15 Castle Age
22:07 Town Watch
23:00 Scale Mail Armor
23:15 Forging
23:57 Hand Cart
25:03 Town Patrol
28:31 Imperial Age
27:52 Chain Mail Armor
28:23 Iron Casting
28:32 Caravan
30:18 Stone Shaft Mining
30:40 Guilds
31:28 Plate Mail Armor
32:00 Blast Furnace
31:56 Scale Barding Armor
32:05 Bloodlines
31:24 Cavalier
33:56 Crenellations
34:52 Heavy Plow
35:46 Bow Saw
38:18 Hoardings
39:09 Arrowslits
40:05 Masonry
39:51 Elite Teutonic Knight
50:04 Chain Barding Armor
49:49 Heated Shot
51:41 Coinage
51:26 Guilds
52:50 Paladin
54:18 Plate Barding Armor
54:54 Ballistics
jcarroll10
5:56 Loom
9:08 Feudal Age
10:36 Double-Bit Axe
14:56 Town Watch
17:39 Horse Collar
21:36 Wheelbarrow
23:28 Castle Age
22:02 Gold Mining
23:55 Fletching
24:43 Forging
24:44 Thumb Ring
24:40 Bodkin Arrow
25:45 Bloodlines
25:27 Light Cavalry
27:18 Bow Saw
27:12 Heavy Plow
28:06 Capped Ram
30:07 Padded Archer Armor
31:13 Steppe Husbandry
32:09 Iron Casting
32:19 Ballistics
32:14 Town Patrol
33:45 Scale Barding Armor
38:16 Imperial Age
39:19 Conscription
38:23 Elite Kipchak
39:59 Cavalier
42:41 Hussar
Token Master
10:03 Feudal Age
14:13 Castle Age
12:32 Double-Bit Axe
13:11 Horse Collar
14:27 Town Watch
14:48 Loom
14:53 Town Watch
15:13 Gold Mining
15:39 Bow Saw
16:31 Crossbowman
18:45 Fletching
19:57 Fervor
22:08 Bodkin Arrow
23:18 Heavy Plow
23:50 Padded Archer Armor
27:22 Wheelbarrow
26:49 Town Patrol
29:49 Hand Cart
32:44 Imperial Age
30:39 Ballistics
30:42 Thumb Ring
32:19 Murder Holes
32:34 Masonry
32:45 Leather Archer Armor
34:32 Bracer
35:03 Ring Archer Armor
33:54 Arbalester
35:40 Chemistry
34:46 Siege Engineers
35:12 Architecture
36:13 Fortified Wall
39:07 Guilds
38:58 Caravan
41:10 Halberdier
41:50 Squires
41:52 Scale Mail Armor
42:02 Forging
44:05 Chain Mail Armor
44:25 Iron Casting
43:56 Arson
45:26 Heavy Scorpion
47:39 Onager
50:27 Conscription
50:58 Torsion Engines
50:28 Siege Onager
Connection lost

Rejoining the realm…

Still unreachable

The connection could not be restored.

Session expired

The server has moved on; the page needs a fresh start.